 Dungeon Crawl Stone Soup version 0.31.0-12-g77e489cdc1 (webtiles) character file.

Game seed: 259942937331354142

1970 hawla the Protected (level 9, 0/71 HPs)
             Began as a Minotaur Fighter on Feb 16, 2024.
             Slain by a troll (9 damage)
             ... on level 7 of the Dungeon.
             The game lasted 00:11:00 (6614 turns).

hawla the Protected (Minotaur Fighter)              Turns: 6614, Time: 00:11:01

Health: 0/71       AC: 15    Str: 25    XL:     9   Next: 0%
Magic:  8/8        EV: 11    Int:  5    God:
Gold:   338        SH:  6    Dex: 10    Spells: 8/8 levels left

rFire   + . .        a - +0 war axe
rCold   . . .        c - +1 buckler
rNeg    . . .        B - +0 chain mail
rPois   +            (helmet restricted)
rElec   .            x - +1 cloak
rCorr   .            (no gloves)
SInv    .            z - +0 pair of boots
Will    .....        g - amulet of magic regeneration Stlth
                     i - ring of protection from fire
HPRegen 0.31/turn    m - ring of poison resistance
MPRegen 0.51/turn

%: no passive effects
@: studying Armour
A: horns 2, retaliatory headbutt
a: no special abilities


You were on level 7 of the Dungeon.
You visited 1 branch of the dungeon, and saw 7 of its levels.
You also visited: Sewer.

You collected 338 gold pieces.

Inventory:

Hand Weapons
 a - a +0 war axe (weapon)
Missiles
 j - 3 atropa-tipped darts
 n - 10 poisoned darts (quivered)
Armour
 c - a +1 buckler (worn)
 x - a +1 cloak (worn)
 z - a +0 pair of boots (worn)
 B - a +0 chain mail (worn)
Jewellery
 b - a ring of willpower
 g - an amulet of magic regeneration (around neck)
 i - a ring of protection from fire (left hand)
 l - a +6 ring of dexterity
 m - a ring of poison resistance (right hand)
 A - a ring of resist corrosion
Wands
 q - a wand of roots (2)
 s - a wand of charming (7)
 t - a wand of polymorph (5)
Scrolls
 h - 2 scrolls of fog
 o - 2 scrolls of summoning
 p - 5 scrolls of fear
 r - 3 scrolls of poison
 v - a scroll of teleportation
 y - a scroll of vulnerability
 C - a scroll of immolation
Potions
 d - 2 potions of might
 e - a potion of curing
 f - 2 potions of lignification
 k - a potion of haste
 u - 3 potions of brilliance {unknown}
 D - a potion of magic {unknown}
 E - a potion of enlightenment {unknown}


   Skills:
 - Level 4.0 Fighting
 - Level 2.4 Axes
 - Level 10.0 Armour
 - Level 7.0 Dodging
 - Level 5.0 Shields
 + Level 6.7 Evocations


You had 8 spell levels left.
You didn't know any spells.
Your spell library was empty.

Dungeon Overview and Level Annotations

Branches:
Dungeon (7/15)              Sewer (visited)
 Temple: D:4-7

Altars:
Ashenzari
Dithmenos
Elyvilon
Sif Muna
Xom
The Shining One


Innate Abilities, Weirdness & Mutations

You have a pair of horns on your head.
You reflexively headbutt those who attack you in melee.


Message History

You block the troll's attack. x2; The troll claws you!
You barely miss the troll.
The troll is moderately wounded.
The troll misses you. You furiously retaliate!
You headbutt the troll.
The troll claws you but does no damage. x2
You closely miss the troll. You headbutt the troll.
The troll is severely wounded.
You block the troll's attack. x2; The troll closely misses you.
You closely miss the troll.
The troll is heavily wounded.
You block the troll's attack. The troll claws you but does no damage.
The troll claws you. The troll bites you. The troll misses you.
The troll claws you but does no damage.
You closely miss the troll. Your headbutt misses the troll.
The troll is heavily wounded.
The troll barely misses you. The troll claws you but does no damage.
The troll claws you!
You are too injured to fight recklessly!
You are too injured to fight recklessly!
You are too injured to fight recklessly!
You hit the troll but do no damage.
The troll is heavily wounded.
You block the troll's attack. x2; The troll barely misses you. x2
You furiously retaliate!
You headbutt the troll. The troll claws you.
The troll claws you but does no damage.
You completely miss the troll.
The troll is heavily wounded.
The troll bites you but does no damage. The troll barely misses you.
The troll claws you.
You closely miss the troll.
The troll is heavily wounded.
The troll bites you!
* * * LOW HITPOINT WARNING * * *
You block the troll's attack. The troll claws you.
* * * LOW HITPOINT WARNING * * *
You hit the troll.
The troll is heavily wounded.
The troll bites you but does no damage. The troll claws you but does no damage.
The troll claws you!
You die...

#######
###.....#
##...###.#
##).###...#
###..##
#.#@#
###...##
#.T.#
####...###
#.#.#
.....###
#...#
####.# #
#.# #.# ..#
#.# #.# #.#
..# #.#


You could see a troll.

Vanquished Creatures
  2 steam dragons (D:6)
  Menkaure (D:6)
  A water moccasin (D:6)
  Pargi (Sewer)
  A black bear (D:5)
  A centaur (D:6)
  A phantom (D:4)
  2 brain worms
  A kobold brigand (Sewer)
  3 scorpions
  An electric eel (D:6)
  A bombardier beetle (D:5)
  2 orc priests
  3 hounds
  A jelly (D:6)
  3 iguanas
  Natasha (D:2)
  5 orc wizards
  9 adders
  6 gnolls
  A shadow imp (D:6)
  3 dart slugs
  3 ribbon worms
  25 orcs
  4 bats
  13 endoplasms
  5 giant cockroaches
  5 goblins
  13 hobgoblins
  4 jackals (D:2)
  6 quokkas
  10 ball pythons
  3 frilled lizards
  20 kobolds
  6 rats
  A butterfly (D:6)
168 creatures vanquished.

Vanquished Creatures (others)
  An orc (D:6)
1 creature vanquished.

Grand Total: 169 creatures vanquished

Notes
Turn   | Place    | Note
-------+----------+-------------------------------------------
     0 | D:1      | hawla the Minotaur Fighter began the quest for the Orb.
     0 | D:1      | Reached XP level 1. HP: 19/19 MP: 0/0
    62 | D:1      | Reached XP level 2. HP: 27/27 MP: 1/1
   616 | D:1      | Reached XP level 3. HP: 29/33 MP: 2/2
   877 | D:2      | Identified a scroll of acquirement
   877 | D:2      | Acquired a manual of Armour
   917 | D:2      | Reached skill level 5 in Shields
   919 | D:2      | Reached skill level 1 in Dodging
  1000 | D:2      | Reached XP level 4. HP: 39/40 MP: 3/3
  1160 | D:2      | Found a glowing golden altar of the Shining One.
  1473 | D:2      | Noticed Natasha
  1484 | D:2      | Killed Natasha
  1749 | D:3      | Reached XP level 5. HP: 46/46 MP: 4/4
  1897 | D:3      | Found a glowing drain.
  1924 | Sewer    | Entered a sewer
  1933 | Sewer    | Reached skill level 5 in Dodging
  2056 | Sewer    | Reached XP level 6. HP: 52/52 MP: 5/5
  2060 | Sewer    | Noticed Pargi
  2075 | Sewer    | Killed Pargi
  2892 | D:4      | Reached skill level 4 in Armour
  2913 | D:4      | Reached skill level 1 in Evocations
  2913 | D:4      | Reached XP level 7. HP: 55/59 MP: 6/6
  2937 | D:4      | Found a white marble altar of Elyvilon.
  3228 | D:4      | Reached skill level 5 in Armour
  3522 | D:4      | Reached skill level 6 in Armour
  3979 | D:5      | Entered Level 5 of the Dungeon
  3993 | D:5      | Found a shadowy altar of Dithmenos.
  4021 | D:5      | You fall into a shaft and drop 1 floor!
  4024 | D:6      | Found a shimmering altar of Xom.
  4033 | D:6      | Reached skill level 7 in Armour
  4083 | D:6      | Noticed a steam dragon
  4094 | D:6      | Reached XP level 8. HP: 58/66 MP: 7/7
  4097 | D:6      | Noticed Menkaure
  4103 | D:6      | Reached skill level 8 in Armour
  4109 | D:6      | Killed Menkaure
  4110 | D:6      | Reached skill level 9 in Armour
  4286 | D:6      | Reached skill level 10 in Armour
  4286 | D:6      | Reached skill level 5 in Evocations
  4583 | D:5      | Found a broken altar of Ashenzari.
  5444 | D:5      | Found a shimmering blue altar of Sif Muna.
  5818 | D:6      | Reached XP level 9. HP: 9/71 MP: 8/8
  6602 | D:7      | Noticed a troll
  6614 | D:7      | Slain by a troll

Illustrated notes

Levels and vault maps discovered:
D:1:      heliophobic_arrival_enchanted_forest, layout_basic,
          minmay_fountain_box
D:2:      layout_basic, basic_altar, uniq_natasha
D:3:      layout_basic, mainiacjoe_sewer_entry_somewhere_in_here_1,
          hangedman_decor_diamond_cutter, minmay_misc_feat_rows
D:4:      kennysheep_six_static_rooms, layout_gridville, elyvilon_altar_3,
          grunt_decor_fettered
D:5:      layout_gridville, cheibrodos_ashenzari_chains, led_sif_pool,
          grunt_dithmenos_smoke
D:6:      layout_loops_ring, xom_butterflies, serial_bayou,
          serial_bayou_shore_b, serial_bayou_shore_b, serial_bayou_pond_b,
          serial_bayou_crossing, st_stairs_4, uniq_menkaure
D:7:      layout_loops_ring, minmay_temple_entry_overgrown, serial_undead,
          serial_undead_a, serial_undead_a, serial_undead_f, serial_undead_c,
          hangedman_minor_gate_pass

Skill      XL: |  1  2  3  4  5  6  7  8 |
---------------+-------------------------+-----
Fighting       | 4 |  4.0
Shields        | 4 5 |  5.0
Dodging        | 2 3 5 7 |  7.0
Armour         | 4 7 10 | 10.0
Evocations     | 1 3 6 |  6.7
Axes           | |  2.4

Action                     |  1- 3 |  4- 6 |  7- 9 || total
---------------------------+-------+-------+-------++-------
  Melee: War axe           |    54 |   152 |   239 ||   445
         Headbutt          |     9 |    27 |    31 ||    67
    Use: Scroll            |     5 |     5 |     6 ||    16
         Potion            |       |       |     2 ||     2
 Armour: Scale mail        |    45 |   115 |   210 ||   370
         Chain mail        |       |       |    56 ||    56
  Dodge: Dodged            |    22 |   105 |   134 ||   261
  Block: Buckler           |    14 |    46 |    86 ||   146
